Map: Blackburn LE

Players

HeroMarine - Winner!

  • Race: Terran Terran

MarineLorD

  • Race: Terran Terran
  • League: Master

Event: DreamHack SC2 Masters 2021 Fall

VOD

Have the link to the VOD?

Description

Time

  • Played on: Aug. 13, 2021, 2:08 p.m.
  • Length: 7:03

All games in this series

Show
View Real Time Build Order
Export as new Build Order

HeroMarine Terran - Winner!

Build Orders:  

Get SALT Encoding   

  12  0:00  SCV  
  13  0:12  SCV  
  14  0:17  Supply Depot  
  14  0:24  SCV  
  15  0:38  SCV  
  15  0:39  Barracks  
  16  0:43  Refinery  
  16  0:50  SCV  
  16  0:53  Refinery  
  17  1:03  SCV  
  18  1:15  SCV  
  19  1:27  Orbital Command, Reaper  
  19  1:30  Supply Depot  
  20  1:42  Factory  
  20  1:52  SCV  
  21  1:59  Reaper  
  22  2:04  SCV  
  23  2:16  SCV  
  23  2:21  Command Center  
  24  2:26  Hellion  
  24  2:28  SCV  
  27  2:31  Reaper  
  27  2:35  Supply Depot  
  28  2:40  SCV  
  29  2:48  Hellion  
  31  2:53  Starport  
  31  2:56  SCV  
  32  3:03  Barracks Reactor  
  32  3:08  SCV  
  32  3:09  Factory Tech Lab  
  33  3:15  Refinery  
  33  3:20  SCV  
  34  3:27  Cyclone  
  34  3:29  Starport Tech Lab  
  34  3:32  Orbital Command  
  34  3:33  SCV  
  38  3:39  Marine x2  
  40  3:45  SCV  
  41  3:50  Raven  
  41  3:53  Supply Depot  
  43  3:57  SCV, Marine x2  
  43  4:00  SCV  
  47  4:09  Cyclone  
  51  4:10  SCV  
  51  4:13  SCV  
  51  4:16  Supply Depot  
  52  4:19  Marine x2  
  52  4:22  SCV  
  55  4:25  SCV  
  56  4:33  Raven  
  56  4:34  SCV  
  56  4:36  Marine  
  56  4:37  Marine  
  56  4:38  SCV  
  62  4:39  Supply Depot  
  62  4:42  Siege Tank  
  65  4:46  SCV  
  65  4:50  SCV  
  67  4:53  Supply Depot  
  67  4:54  Marine  
  67  4:55  Marine  
  67  4:58  SCV  
  70  5:02  SCV  
  71  5:11  SCV  
  73  5:14  SCV, Siege Tank  
  76  5:23  SCV  
  76  5:26  SCV, Marine, Supply Depot, Viking x2  
  83  5:35  Command Center  
  83  5:39  SCV x2  
  85  5:45  Marine  
  85  5:48  Siege Tank  
  88  5:55  SCV  
  88  5:56  SCV, Viking x2  
  94  6:00  Supply Depot  
  92  6:04  Refinery  
  94  6:11  Marine  
  93  6:20  SCV, Barracks  
  93  6:21  SCV, Barracks  
  95  6:25  Viking  
  95  6:29  Marine  
  95  6:30  Viking  
  89  6:32  SCV  
  89  6:33  SCV  
  87  6:45  SCV x2  
Show
View Real Time Build Order
Export as new Build Order

MarineLorD Terran 

Build Orders: Mech 

Get SALT Encoding   

  12  0:00  SCV  
  13  0:12  SCV  
  14  0:16  Supply Depot  
  14  0:24  SCV  
  15  0:38  SCV  
  15  0:40  Barracks  
  16  0:50  SCV  
  17  1:02  SCV  
  18  1:12  Command Center  
  18  1:17  SCV  
  19  1:29  Orbital Command  
  19  1:31  Marine  
  20  1:36  Supply Depot  
  20  1:42  Refinery  
  20  1:49  Marine  
  20  1:50  Refinery  
  21  1:55  SCV  
  22  2:06  Marine  
  22  2:07  SCV  
  24  2:19  SCV  
  25  2:24  Orbital Command, Marine  
  25  2:29  Factory  
  26  2:31  SCV  
  27  2:43  SCV  
  28  2:47  Barracks Reactor  
  28  2:50  SCV  
  29  2:55  SCV  
  30  2:59  Orbital Command  
  30  3:05  Command Center  
  30  3:07  SCV  
  31  3:12  Factory Tech Lab  
  31  3:15  Starport  
  31  3:19  SCV, Refinery  
  32  3:23  Marine  
  34  3:28  SCV  
  34  3:31  SCV  
  34  3:32  Supply Depot  
  34  3:33  Cyclone  
  38  3:38  Marine  
  39  3:41  Marine  
  39  3:44  SCV x2  
  42  3:52  Starport Tech Lab  
  42  3:56  SCV x2, Marine  
  42  3:59  Marine  
  46  4:04  Bunker  
  46  4:05  Siege Tank  
  49  4:12  Raven  
  49  4:13  SCV x2  
  53  4:18  Orbital Command  
  53  4:25  SCV x2  
  53  4:26  Refinery  
  53  4:27  Marine x2  
  57  4:33  Supply Depot  
  57  4:37  SCV  
  57  4:38  SCV  
  59  4:42  Siege Tank  
  62  4:46  Marine  
  62  4:47  Marine  
  62  4:49  SCV  
  62  4:50  SCV  
  66  4:53  SCV  
  66  4:55  Supply Depot  
  66  4:56  Raven  
  66  4:57  Supply Depot  
  69  5:01  SCV  
  69  5:03  SCV  
  69  5:04  Marine  
  69  5:05  SCV, Marine  
  74  5:15  SCV  
  74  5:17  Siege Tank  
  74  5:18  Supply Depot  
  78  5:21  Supply Depot  
  78  5:29  SCV x2, Factory, Orbital Command  
  78  5:30  Barracks Reactor  
  78  5:31  Factory  
  79  5:41  SCV  
  80  5:45  SCV  
  81  5:54  SCV  
  81  5:56  SCV  
  81  5:57  SCV  
  81  5:59  Viking x2  
  81  6:00  Siege Tank  
  89  6:06  SCV, Refinery  
  89  6:07  Refinery  
  89  6:08  SCV  
  89  6:10  SCV  
  92  6:15  Engineering Bay  
  92  6:18  SCV  
  93  6:20  SCV  
  93  6:23  SCV  
  93  6:30  SCV, Viking  
  93  6:31  Viking  
  85  6:33  SCV  
  85  6:34  Hellion x2  
  85  6:35  SCV  
  86  6:42  SCV  
  86  6:45  SCV  
  87  6:47  SCV  

Tags
 
Add a new tag
Caveats
  • Supply blocks, unpowered buildings, or Contaminate may cause inaccurate times.
  • Supply counts are checked every 10 seconds.